 Dungeon Crawl Stone Soup version 0.31-a0-164-g2312942fda (webtiles) character file.

Game seed: 11791254813446430831

238869 qw the Peltast (level 19, -7/128 HPs)
             Began as a Gargoyle Fighter on June 13, 2023.
             Was a High Priest of Okawaru.
             Killed from afar by an ironbound thunderhulk (15 damage)
             ... with a bolt of lightning
             ... on level 2 of the Vaults.
             The game lasted 00:19:11 (31212 turns).

qw the Peltast (Gargoyle Fighter)                  Turns: 31212, Time: 00:19:12

Health: -7/128     AC: 47    Str: 25    XL:     19   Next: 73%
Magic:  35/35      EV: 10    Int: 11    God:    Okawaru [*****.]
Gold:   842        SH: 21    Dex:  4    Spells: 18/18 levels left

rFire   + . .        f - +3 broad axe "Killer Bee's Death" {spect, Drain rElec rC+++ Str-5}
rCold   + + +        l - +1 tower shield of Broken Taboos {rCorr MP+9 Str+2 Dex-3}
rNeg    + . .        b - +5 chain mail "Gid Heumal" {SInv}
rPois   inf          C - +1 helmet of Moral Flaws {Will+ Str+2}
rElec   +            u - +1 cloak
rCorr   +            j - +2 pair of gloves
SInv    +            M - +2 pair of boots
Will    ++++.        k - amulet of faith Stlth
                     n - ring "Mosicaf" {Wiz rF+ Will++}
HPRegen 0.41/turn    P - ring of Discretion {rElec rCorr Slay+5}
MPRegen 0.24/turn

%: faith, wizardry (x1)
@: about to teleport, heroic, flying
A: sickness immunity, AC +14, big wings, negative energy resistance 1,
electricity resistance, torment resistance 1, petrification resistance, talons
1, clumsy 1
}: 1/15 runes: decaying
a: Renounce Religion, Heroism, Finesse, Duel


You were on level 2 of the Vaults.
You worshipped Okawaru.
Okawaru was extremely pleased with you.
You visited 7 branches of the dungeon, and saw 32 of its levels.

You collected 4209 gold pieces.
You spent 3367 gold pieces at shops.


Innate Abilities, Weirdness & Mutations

You are immune to sickness and miasma.
Your stone body is resilient. (AC +14)
You are immune to poison.
Your large and strong wings let you fly.
You resist negative energy. (rN+)
You are resistant to electric shocks. (rElec)
You are resistant to unholy torment.
You are immune to petrification.
You have sharp toenails.
You are clumsy. (Dex -2)


   Skills:
 - Level 17.0(22.0) Fighting
 - Level 18.0(23.0) Axes
 - Level 9.0(14.0) Throwing
 + Level 14.2(19.2) Armour
 - Level 4.0(9.0) Dodging
 - Level 19.3(24.3) Shields
 - Level 10.0 Invocations


You had 18 spell levels left.
You didn't know any spells.
Your spell library was empty.

Inventory:

Hand Weapons
 f - the +3 broad axe "Killer Bee's Death" (weapon) {spect, Drain rElec rC+++ Str-5}
   (Okawaru gifted it to you on level 5 of the Lair of Beasts)

   Str:       It affects your strength (-5).
   rC:        It renders you almost immune to cold.
   rElec:     It insulates you from electricity.
   Drain:     It drains your maximum health when unequipped.
 A - a +2 broad axe of freezing
Missiles
 i - 15 boomerangs
 F - 2 silver boomerangs
 H - 4 boomerangs of dispersal
 N - 7 silver javelins (quivered)
 O - 7 javelins
Armour
 b - the +5 chain mail "Gid Heumal" (worn) {SInv}
   (You took it off an orc on level 8 of the Dungeon)

   SInv:      It lets you see invisible.
 e - a +8 chain mail of ponderousness
 j - a +2 pair of gloves (worn)
 l - the +1 tower shield of Broken Taboos (worn) {rCorr MP+9 Str+2 Dex-3}
   (You took it off Louise on level 3 of the Spider Nest)

   Str:       It affects your strength (+2).
   Dex:       It affects your dexterity (-3).
   MP:        It affects your magic capacity (+9).
   rCorr:     It protects you from acid and corrosion.
 s - a scarf of resistance
 u - a +1 cloak (worn)
 x - the +1 helmet of Dishonesty {Rampage rC+ rN+ Str-3}
   (You found it on level 4 of the Swamp)

   Str:       It affects your strength (-3).
   rC:        It protects you from cold.
   rN:        It protects you from negative energy.
   Rampage:   It bestows one free step when moving towards enemies.
 y - +0 acid dragon scales
 C - the +1 helmet of Moral Flaws (worn) {Will+ Str+2}
   (Okawaru gifted it to you on level 11 of the Dungeon)

   Str:       It affects your strength (+2).
   Will:      It increases your willpower.
 D - a +2 chain mail of fire resistance
 J - a +2 plate armour of cold resistance
 L - a +3 plate armour
 M - a +2 pair of boots (worn)
Jewellery
 k - an amulet of faith (around neck)
 n - the ring "Mosicaf" (left hand) {Wiz rF+ Will++}
   (You found it on level 1 of the Lair of Beasts)

   [ring of wizardry]

   It improves your spell success rate.
   rF:        It protects you from fire.
   Will:      It greatly increases your willpower.
 B - a ring of resist corrosion
 I - a ring of protection from fire
 K - an amulet of reflection
 P - the ring of Discretion (right hand) {rElec rCorr Slay+5}
   (You bought it in a shop on level 1 of the Vaults)

   [ring of resist corrosion]

   Slay:      It affects your accuracy & damage with ranged weapons and melee
   (+5).
   rElec:     It insulates you from electricity.
   rCorr:     It protects you from acid and corrosion.
 Y - a +4 ring of protection
Wands
 o - a wand of digging (16)
Scrolls
 h - 13 scrolls of identify
 E - 3 scrolls of enchant weapon
 G - a scroll of brand weapon
Potions
 c - 2 potions of attraction
 d - 4 potions of might
 g - 5 potions of lignification
 m - 22 potions of curing
 q - 4 potions of magic
 r - 4 potions of resistance
 t - 4 potions of haste
 w - 8 potions of mutation

Dungeon Overview and Level Annotations

Branches:
Dungeon (15/15)            Temple (1/1) D:4            Lair (5/5) D:11
  Swamp (4/4) Lair:3       Spider (3/4) Lair:3        Slime (0/5) Lair:5
    Orc (2/2) D:11            Elf (0/3) Orc:2        Vaults (2/5) D:13
 Depths (0/4) D:15
  Crypt: Vaults:2-3

Altars:
Ashenzari
Cheibriados
Dithmenos
Elyvilon
Fedhas
Gozag
Hepliaklqana
Kikubaaqudgha
Makhleb
Nemelex Xobeh
Okawaru
Qazlal
Ru
Sif Muna
Trog
Uskayaw
Vehumet
Wu Jian
Xom
Yredelemnul
Zin
The Shining One

Shops:
D:1 (   D:2 *   D:5 *   D:6 ?   D:12 [   D:14 [([[   Orc:1 [   Orc:2 ((:[(
Vaults:1 =

Portals:
Abyss: D:15

Annotations:
D:3 1 runed translucent door, qw's ghost, amateur NaHu
D:8 3 runed translucent doors, qw's ghost, journeyman GrFi; qw's ghost, novice MiHu
D:15 2 transporters, Yamstis's ghost, adept GnMo


Message History

The frost giant hits you but does no damage.
The frost giant closely misses your +3 broad axe "Killer Bee's Death" {spect, Drain rElec rC+++ Str-5}.
You slash the frost giant!
The frost giant is heavily wounded.
Your +3 broad axe "Killer Bee's Death" {spect, Drain rElec rC+++ Str-5} hits the frost giant!!
Your +3 broad axe "Killer Bee's Death" {spect, Drain rElec rC+++ Str-5} hits the ironbound thunderhulk!
The frost giant hits you but does no damage.
The frost giant hits your +3 broad axe "Killer Bee's Death" {spect, Drain rElec rC+++ Str-5} with a +0 battleaxe of freezing!
Your spectral weapon shares its damage with you!
31209 ||| READING scroll of teleportation.
As you read the scroll of teleportation, it crumbles to dust.
You feel strangely unstable.
Your +3 broad axe "Killer Bee's Death" {spect, Drain rElec rC+++ Str-5} disappears.
Strange energies crackle from the ironbound thunderhulk's apparatus.
The ironbound thunderhulk blinks!
The frost giant hits you but does no damage.
You slice the frost giant!!
The frost giant is almost dead.
Your +3 broad axe "Killer Bee's Death" {spect, Drain rElec rC+++ Str-5} hits the frost giant but does no damage.
The ironbound convoker points at the ironbound convoker and mumbles some strange words.
The ironbound convoker seems to grow stronger.
The frost giant casts a spell at your +3 broad axe "Killer Bee's Death" {spect, Drain rElec rC+++ Str-5}.
The bolt of cold hits your +3 broad axe "Killer Bee's Death" {spect, Drain rElec rC+++ Str-5}!!
Your +3 broad axe "Killer Bee's Death" {spect, Drain rElec rC+++ Str-5} resists.
Your spectral weapon shares its damage with you!
Your +3 broad axe "Killer Bee's Death" {spect, Drain rElec rC+++ Str-5} disappears.
You slice the frost giant like a ripe choko!!!
You kill the frost giant!
Okawaru accepts your kill.
You can now enter into single combat with a foe.
Okawaru will now gift you equipment as you gain piety.
Electricity crackles from the ironbound thunderhulk's apparatus.
The bolt of lightning hits you! You resist.
The lindwurm roars!
You block the sphinx's attack. The sphinx hits you but does no damage.
You block the sphinx's attack.
The ironbound convoker barely misses you.
Electricity crackles from the ironbound thunderhulk's apparatus.
The bolt of lightning hits you! You resist.
You die... ##..# )##.## +###+###+# ..#..# .#...#.)# ..#..# .#...#.)# ..#..# #...#k[ }##.## #p..#k ##..# ##'## #..## #pHp#

..## #####@### ###
#...)().# # #...).).#
#### #.......# ...#
#...(...# ...#
#.......#
.H.#########....O..#
##.#.......+.......#..
.#.#.......#.......+..


You could see a sphinx (strong), an ironbound thunderhulk, a vault sentinel
(strong), 2 lindwurms and 2 ironbound convokers.

Vanquished Creatures
  Mara (Spider:3)
  Arachne (Spider:2)
  Zenata (Vaults:2)
  A tentacled monstrosity (Swamp:4)
  Jorgrun (D:13)
  Kirke (D:15)
  Gastronok (Lair:2)
  3 thorn hunters
  3 tengu reavers (Vaults:2)
  Roxanne (D:15)
  Donald (Spider:2)
  6 fenstrider witches
  A fire giant (Vaults:2)
  3 frost giants (Vaults:2)
  Aizul (Spider:2)
  An orc warlord (Vaults:2)
  Louise (Spider:3)
  3 ghost moths
  4 vault wardens
  7 ironbound preservers (Vaults:2)
  3 war gargoyles
  2 broodmothers
  An ironbound thunderhulk (Vaults:1)
  A very ugly thing (Spider:2)
  7 eleionomae
  5 bunyips
  A crystal guardian (Vaults:1)
  A blizzard demon (Swamp:4)
  An ettin (Vaults:1)
  2 fire dragons
  Josephine (D:13)
  3 yaktaur captains
  9 entropy weavers
  3 shambling mangroves
  A deep elf high priest (Vaults:2)
  11 hydras
  An ice dragon (D:15)
  A vault guard (Vaults:2)
  3 peacekeepers
  3 ogre magi (Swamp:4)
  3 ironbound frosthearts
  8 centaur warriors
  A ghost crab (Swamp:4)
  3 radroaches
  2 two-headed ogres
  3 boulder beetles
  10 alligators
  8 death yaks
  2 tengu warriors (D:15)
  Urug (D:13)
  3 orc high priests (Orc:2)
  8 demonic crawlers
  A deep troll earth mage (Vaults:2)
  2 soul eaters (Swamp:4)
  A sixfirhy (Swamp:4)
  5 pharaoh ants
  A skyshark (Lair:4)
  4 goliath frogs
  4 spriggan druids
  6 sun moths
  3 death drakes (Swamp:4)
  6 orb spiders
  5 skeletal warriors (D:14)
  7 deep trolls (Vaults:2)
  Lodul (D:12)
  3 swamp dragons
  A bog body (Swamp:3)
  11 wizards
  5 steelbarb worms
  6 ironbound convokers
  10 lindwurms
  14 wolf spiders
  A deep elf pyromancer (D:14)
  4 orc knights (Orc:2)
  3 oklob plants (Lair:5)
  24 ugly things
  3 elephants (Lair:5)
  8 orc sorcerers
  4 will-o-the-wisps
  6 manticores
  A moth of wrath (Spider:2)
  A guardian serpent (Lair:5)
  6 torpor snails
  A smoke demon (D:14)
  8 black mambas
  22 cane toads
  9 vault sentinels
  An unseen horror (shapeshifter) (D:11)
  An orange demon (Swamp:4)
  An unseen horror (D:13)
  Maggie (D:7)
  A freezing wraith (D:13)
  3 efreet
  6 komodo dragons
  Psyche (D:8)
  5 yaktaurs (Vaults:1)
  3 kobold demonologists
  6 rime drakes
  3 meliai (D:14)
  3 hellwings (Swamp:4)
  2 polar bears
  7 trolls
  4 bloated husks
  18 hornets
  Prince Ribbit (D:8)
  19 tarantellas
  8 tyrant leeches
  10 blink frogs
  4 dream sheep (Lair:5)
  20 jumping spiders
  18 slime creatures
  2 vampires (D:12)
  7 spriggans
  8 wyverns
  17 culicivoras
  A shadow (D:10)
  61 yaks
  9 wraiths
  A water elemental (D:14)
  4 basilisks
  2 hogs (D:15)
  2 steam dragons
  A golden eye (shapeshifter) (D:13)
  2 humans (D:15)
  A neqoxec (Swamp:4)
  39 redbacks
  4 wargs
  20 vampire mosquitoes
  4 acid dragons
  11 swamp worms
  An acid dragon (shapeshifter) (D:13)
  22 water moccasins
  4 swamp drakes
  2 ice beasts
  25 orc warriors
  A black bear (Lair:1)
  19 ogres
  3 sky beasts
  12 wolves
  9 boggarts
  2 phantoms
  5 centaurs
  13 bullfrogs
  3 kobold brigands
  3 gnoll sergeants
  A necrophage (D:5)
  3 scorpions (D:5)
  3 wights (D:5)
  14 killer bees
  7 howler monkeys
  10 electric eels
  A bullfrog zombie (D:5)
  16 orc priests
  2 gnoll boudas
  2 hounds
  2 sleepcaps
  7 iguanas
  29 orc wizards
  A bullfrog simulacrum (D:5)
  Robin (D:2)
  16 gnolls
  A howler monkey skeleton (D:5)
  5 adders
  A hound simulacrum (D:5)
  2 shadow imps
  A white imp (D:6)
  An ufetubus (D:6)
  A worm (D:3)
  3 dart slugs
  58 orcs
  8 endoplasms
  5 giant cockroaches
  15 goblins
  12 hobgoblins
  4 jackals (D:1)
  32 kobolds
  3 quokkas
  8 ball pythons
  3 bats
  A frilled lizard (D:2)
  A rat (D:3)
1097 creatures vanquished.

Vanquished Creatures (others)
  8 foxfires
  37 spectral weapons
45 creatures vanquished.

Grand Total: 1142 creatures vanquished

Notes
Turn   | Place    | Note
-------+----------+-------------------------------------------
     0 | D:1      | qw the Gargoyle Fighter began the quest for the Orb.
     0 | D:1      | Reached XP level 1. HP: 14/14 MP: 1/1
     0 | D:1      | 0 ||| qw: Version: 0.2-a-29-gc1b59c4
     0 | D:1      | 0 ||| qw: Game counter: 4576
     0 | D:1      | 0 ||| qw: Always use a shield: true
     0 | D:1      | 0 ||| qw: God list: Okawaru
     0 | D:1      | 0 ||| qw: Allow faded altars: false
     0 | D:1      | 0 ||| qw: Do Orc after D:15 true
     0 | D:1      | 0 ||| qw: Do second Lair branch before Depths: true
     0 | D:1      | 0 ||| qw: Lair rune preference: random
     0 | D:1      | 0 ||| qw: Plans: Normal, Zot:1-4, Slime:5, God:TSO, Crypt,
                  | Tomb, Abyss, Pan, Hells, Win
     0 | D:1      | 0 ||| PLANNING D:1-11
   251 | D:1      | Reached XP level 2. HP: 19/19 MP: 2/2
   424 | D:1      | Found Oppu Lurph's Weapon Shop.
   494 | D:1      | Reached skill level 3 in Axes
   498 | D:1      | 498 ||| Stepping ~*~*~tactically~*~*~ (stealth).
   499 | D:1      | 499 ||| Stepping ~*~*~tactically~*~*~ (stealth).
   520 | D:1      | 520 ||| Stepping ~*~*~tactically~*~*~ (stealth).
   522 | D:1      | Found a faded altar of an unknown god.
   540 | D:1      | Reached XP level 3. HP: 19/23 MP: 3/3
   560 | D:1      | 560 ||| DROPPING +0 club.
   751 | D:1      | 751 ||| Stepping ~*~*~tactically~*~*~ (stealth).
   836 | D:1      | 836 ||| UPGRADING to +0 pair of boots.
   841 | D:1      | 841 ||| UPGRADING to ring of resist corrosion.
   842 | D:1      | 842 ||| READING 2 scrolls labelled VAKHOO COOS.
   843 | D:1      | 843 ||| READING scroll labelled SIDAH LAUHATZ.
   844 | D:1      | 844 ||| READING scroll labelled UREIMO KAUM.
   845 | D:1      | 845 ||| READING scroll labelled BANOCHOSAR.
   846 | D:1      | 846 ||| READING scroll labelled GIANGAUTAOK.
   847 | D:1      | 847 ||| DROPPING scroll of fear.
   933 | D:2      | Noticed Robin
   951 | D:2      | Killed Robin
  1017 | D:2      | Reached XP level 4. HP: 26/28 MP: 4/4
  1147 | D:2      | 1147 ||| DROPPING +0 whip.
  1381 | D:2      | Found Jegra's Assorted Antiques.
  1392 | D:2      | 1392 ||| SHOPLISTING runed flail (169 gold, have 77).
  1392 | D:2      | 1392 ||| BUYING scroll labelled FIUJ ORRUGE (26 gold).
  1392 | D:2      | Bought a scroll labelled FIUJ ORRUGE for 26 gold pieces
  1392 | D:2      | 1392 ||| BUYING scroll labelled VENIKHLEOVVI (26 gold).
  1392 | D:2      | Bought a scroll labelled VENIKHLEOVVI for 26 gold pieces
  1392 | D:2      | 1392 ||| SHOPLISTING shimmering ice dragon scales (1690
                  | gold, have 25).
  1485 | D:2      | 1485 ||| Stepping ~*~*~tactically~*~*~ (hiding).
  1486 | D:2      | 1486 ||| Stepping ~*~*~tactically~*~*~ (hiding).
  1579 | D:2      | Identified the ring "Jad Dic" {*Corrode Fly rF+ Dex+4}
  1599 | D:2      | 1599 ||| Stepping ~*~*~tactically~*~*~ (stealth).
  1826 | D:2      | 1826 ||| UPGRADING to +0 helmet.
  1831 | D:2      | 1831 ||| UPGRADING to ring "Jad Dic" {*Corrode Fly rF+
                  | Dex+4}.
  1832 | D:2      | 1832 ||| READING scroll labelled FIUJ ORRUGE.
  1851 | D:2      | 1851 ||| READING scroll labelled VENIKHLEOVVI.
  1852 | D:2      | 1852 ||| READING 2 scrolls labelled JACIOMEOTY.
  1853 | D:2      | 1853 ||| DROPPING scroll of immolation.
  1928 | D:3      | Found a runed translucent door.
  1928 | D:3      | Noticed qw's ghost (amateur NaHu)
  1949 | D:3      | 1949 ||| Stepping ~*~*~tactically~*~*~ (hiding).
  1950 | D:3      | 1950 ||| Stepping ~*~*~tactically~*~*~ (hiding).
  2040 | D:3      | 2040 ||| READING 2 scrolls of identify.
  2040 | D:3      | 2040 ||| IDENTIFYING amethyst potion
  2108 | D:3      | Reached skill level 1 in Dodging
  2190 | D:3      | 2190 ||| READING 2 scrolls of identify.
  2190 | D:3      | 2190 ||| IDENTIFYING silvery potion
  2203 | D:4      | Found a staircase to the Ecumenical Temple.
  2203 | D:4      | You are sucked into a shaft and drop 1 floor!
  2203 | D:5      | Entered Level 5 of the Dungeon
  2208 | D:5      | Noticed a scorpion
  2210 | D:5      | Noticed a scorpion
  2213 | D:5      | Killed a scorpion
  2214 | D:5      | Reached XP level 5. HP: 32/32 MP: 5/5
  2219 | D:5      | Reached XP level 6. HP: 34/37 MP: 6/6
  2246 | D:5      | Noticed an ice beast
  2254 | D:5      | Killed an ice beast
  2342 | D:5      | 2342 ||| FLEEEEING.
  2343 | D:5      | 2343 ||| FLEEEEING.
  2344 | D:5      | 2344 ||| FLEEEEING.
  2345 | D:5      | 2345 ||| STAIRDANCE
  2347 | D:4      | 2347 ||| PLANNING TEMPLE
  2349 | D:4      | 2349 ||| Stepping ~*~*~tactically~*~*~ (stealth).
  2353 | D:4      | 2353 ||| Stepping ~*~*~tactically~*~*~ (stealth).
  2398 | D:4      | Found a radiant altar of Vehumet.
  2399 | D:4      | 2399 ||| Stepping ~*~*~tactically~*~*~ (hiding).
  2515 | D:4      | 2515 ||| DROPPING +0 mace.
  2621 | D:4      | 2621 ||| Stepping ~*~*~tactically~*~*~ (hiding).
  2785 | D:4      | 2785 ||| UPGRADING to +4 ring of protection.
  2787 | D:4      | 2787 ||| DRINKING 2 blue potions.
  2823 | Temple   | Entered the Ecumenical Temple
  2831 | Temple   | 2831 ||| PLANNING OKAWARU WORSHIP
  2910 | Temple   | Became a worshipper of Warmaster Okawaru
  2910 | Temple   | 2910 ||| PLANNING D:1-11
  3039 | D:4      | 3039 ||| Stepping ~*~*~tactically~*~*~ (stealth).
  3047 | D:4      | Reached skill level 6 in Axes
  3047 | D:4      | Reached XP level 7. HP: 42/44 MP: 7/7
  3081 | D:4      | 3081 ||| UPGRADING to +0 pair of gloves.
  3133 | D:5      | 3133 ||| Stepping ~*~*~tactically~*~*~ (hiding).
  3182 | D:5      | 3182 ||| Stepping ~*~*~tactically~*~*~ (stealth).
  3187 | D:5      | 3187 ||| Stepping ~*~*~tactically~*~*~ (stealth).
  3342 | D:5      | 3342 ||| READING scroll of enchant weapon.
  3342 | D:5      | 3342 ||| ENCHANTING +1 war axe of freezing.
  3452 | D:5      | Reached * piety under Okawaru
  3453 | D:5      | Reached skill level 1 in Throwing
  3453 | D:5      | Reached XP level 8. HP: 49/49 MP: 8/8
  3471 | D:5      | Reached skill level 1 in Invocations
  3491 | D:5      | Identified the +8 dagger "Goejam" {pain, rC++ Str+2}
  3671 | D:5      | Found an ornate altar of the Wu Jian Council.
  3852 | D:5      | Found Xinimaal's General Store.
  3855 | D:5      | 3855 ||| BUYING potion of heal wounds (60 gold).
  3855 | D:5      | Bought a potion of heal wounds for 60 gold pieces
  3855 | D:5      | 3855 ||| BUYING potion of lignification (36 gold).
  3855 | D:5      | Bought a potion of lignification for 36 gold pieces
  3855 | D:5      | 3855 ||| SHOPLISTING ring of resist corrosion (240 gold,
                  | have 64).
  3855 | D:5      | 3855 ||| SHOPLISTING scroll of enchant armour (90 gold,
                  | have 64).
  3951 | D:5      | 3951 ||| READING 3 scrolls labelled LOWOPU PAEBUPH.
  3954 | D:5      | 3954 ||| READING 3 scrolls labelled LATUAL AQOPYCS.
  3955 | D:5      | 3955 ||| READING 5 scrolls of identify.
  3955 | D:5      | 3955 ||| IDENTIFYING fizzy grey potion
  3956 | D:5      | 3956 ||| READING 4 scrolls of identify.
  3956 | D:5      | 3956 ||| IDENTIFYING grey potion
  3957 | D:5      | 3957 ||| DROPPING 2 scrolls of fog.
  3958 | D:5      | 3958 ||| DROPPING potion of degeneration.
  3959 | D:5      | 3959 ||| DROPPING potion of ambrosia.
  3994 | D:6      | 3994 ||| Stepping randomly (disturbance).
  3995 | D:6      | 3995 ||| Stepping randomly (disturbance).
  4021 | D:6      | 4021 ||| INVOKING Heroism.
  4026 | D:6      | Reached skill level 3 in Invocations
  4102 | D:6      | 4102 ||| Stepping ~*~*~tactically~*~*~ (stealth).
  4197 | D:6      | 4197 ||| INVOKING Heroism.
  4250 | D:6      | Found Ymariat's Magic Scroll Shop.
  4267 | D:6      | 4267 ||| BUYING scroll of identify (22 gold).
  4267 | D:6      | Bought a scroll of identify for 22 gold pieces
  4267 | D:6      | 4267 ||| BUYING scroll of teleportation (33 gold).
  4267 | D:6      | Bought a scroll of teleportation for 33 gold pieces
  4415 | D:6      | Reached skill level 6 in Fighting
  4634 | D:6      | 4634 ||| INVOKING Heroism.
  4640 | D:6      | Reached XP level 9. HP: 38/55 MP: 9/12
  4830 | D:6      | 4830 ||| READING 5 scrolls of identify.
  4830 | D:6      | 4830 ||| IDENTIFYING black potion
  4831 | D:6      | 4831 ||| READING 4 scrolls of identify.
  4831 | D:6      | 4831 ||| IDENTIFYING red potion
  4832 | D:6      | 4832 ||| READING 3 scrolls of identify.
  4832 | D:6      | 4832 ||| IDENTIFYING fizzy purple potion
  4833 | D:6      | 4833 ||| DROPPING potion of brilliance.
  4927 | D:7      | 4927 ||| INVOKING Heroism.
  5068 | D:7      | Noticed Maggie
  5082 | D:7      | Killed Maggie
  5082 | D:7      | Reached ** piety under Okawaru
  5083 | D:7      | Reached skill level 9 in Axes
  5085 | D:7      | 5085 ||| DROPPING +0 flail.
  5195 | D:7      | Identified the +8 mace of Ragnarok {heavy, Dex+3}
  5241 | D:7      | 5241 ||| READING scroll of enchant weapon.
  5241 | D:7      | 5241 ||| ENCHANTING +2 war axe of freezing.
  5270 | D:7      | Found a hide-covered altar of Uskayaw.
  5275 | D:7      | Found a basalt altar of Yredelemnul.
  5488 | D:7      | 5488 ||| READING scroll labelled ZAAXEO VOSERGHY.
  5488 | D:7      | Identified a scroll of acquirement
  5488 | D:7      | 5488 ||| DRINKING 2 glowing cyan potions.
  5489 | D:7      | 5489 ||| READING scroll labelled OTOSHR TIWIPYC.
  5490 | D:7      | 5490 ||| READING 3 scrolls of identify.
  5490 | D:7      | 5490 ||| IDENTIFYING brown potion
  5504 | D:8      | Noticed Psyche
  5505 | D:8      | 5505 ||| INVOKING Heroism.
  5533 | D:8      | Killed Psyche
  5534 | D:8      | Reached skill level 4 in Shields
  5593 | D:8      | 5593 ||| READING scroll of acquirement.
  5593 | D:8      | 5593 ||| ACQUIRING +1 broad axe of freezing
  5593 | D:8      | Acquired a +1 broad axe of freezing
  5595 | D:8      | 5595 ||| SWAPPING to +1 broad axe of freezing.
  5596 | D:8      | 5596 ||| DROPPING +3 war axe of freezing.
  5636 | D:8      | Noticed Prince Ribbit
  5637 | D:8      | 5637 ||| Stepping ~*~*~tactically~*~*~ (hiding).
  5638 | D:8      | 5638 ||| Stepping ~*~*~tactically~*~*~ (hiding).
  5640 | D:8      | 5640 ||| Stepping ~*~*~tactically~*~*~ (hiding).
  5641 | D:8      | 5641 ||| Stepping ~*~*~tactically~*~*~ (hiding).
  5642 | D:8      | 5642 ||| Stepping ~*~*~tactically~*~*~ (hiding).
  5644 | D:8      | 5644 ||| INVOKING Heroism.
  5657 | D:8      | Killed Prince Ribbit
  5670 | D:8      | 5670 ||| INVOKING Heroism.
  5764 | D:8      | Found a stormy altar of Qazlal.
  5764 | D:8      | Found a sacrificial altar of Ru.
  5766 | D:8      | 5766 ||| UPGRADING to +1 pair of gloves.
  5771 | D:8      | 5771 ||| UPGRADING to +1 pair of gloves.
  5776 | D:8      | 5776 ||| DROPPING +0 pair of gloves.
  5777 | D:8      | 5777 ||| UPGRADING to +0 cloak.
  5782 | D:8      | 5782 ||| UPGRADING to +0 acid dragon scales.
  5792 | D:8      | 5792 ||| DROPPING +0 scale mail.
  5793 | D:8      | 5793 ||| UPGRADING to +0 plate armour.
  5958 | D:8      | 5958 ||| Stepping ~*~*~tactically~*~*~ (hiding).
  5959 | D:8      | 5959 ||| Stepping ~*~*~tactically~*~*~ (hiding).
  5960 | D:8      | 5960 ||| Stepping ~*~*~tactically~*~*~ (hiding).
  5961 | D:8      | 5961 ||| Stepping ~*~*~tactically~*~*~ (hiding).
  5966 | D:8      | 5966 ||| DRINKING 7 potions of curing.
  5966 | D:8      | 5966 ||| (to cure confusion)
  5967 | D:8      | 5967 ||| INVOKING Heroism.
  5975 | D:8      | Reached skill level 6 in Armour
  6027 | D:8      | Found a runed translucent gate.
  6027 | D:8      | Found a runed translucent gate.
  6028 | D:8      | Found a runed translucent gate.
  6038 | D:8      | Identified the +8 falchion of Yeast {protect, rC+++ Will-
                  | Str+4}
  6066 | D:8      | Reached XP level 10. HP: 59/61 MP: 13/13
  6073 | D:8      | Noticed qw's ghost (journeyman GrFi)
  6073 | D:8      | Noticed qw's ghost (novice MiHu)
  6170 | D:8      | 6170 ||| Stepping ~*~*~tactically~*~*~ (stealth).
  6171 | D:8      | Identified the +5 chain mail "Gid Heumal" {SInv}
  6172 | D:8      | 6172 ||| Stepping ~*~*~tactically~*~*~ (hiding).
  6173 | D:8      | 6173 ||| Stepping ~*~*~tactically~*~*~ (hiding).
  6174 | D:8      | 6174 ||| Stepping ~*~*~tactically~*~*~ (hiding).
  6175 | D:8      | 6175 ||| Stepping ~*~*~tactically~*~*~ (hiding).
  6176 | D:8      | 6176 ||| Stepping ~*~*~tactically~*~*~ (hiding).
  6178 | D:8      | 6178 ||| INVOKING Heroism.
  6184 | D:8      | 6184 ||| Stepping ~*~*~tactically~*~*~ (stealth).
  6185 | D:8      | 6185 ||| Stepping ~*~*~tactically~*~*~ (stealth).
  6213 | D:8      | 6213 ||| UPGRADING to +5 chain mail "Gid Heumal" {SInv}.
  6223 | D:8      | 6223 ||| DROPPING +0 plate armour.
  6320 | D:8      | Found a glowing silver altar of Zin.
  6323 | D:8      | 6323 ||| Stepping ~*~*~tactically~*~*~ (stealth).
  6365 | D:8      | 6365 ||| UPGRADING to amulet of regeneration.
  6398 | D:9      | 6398 ||| Stepping ~*~*~tactically~*~*~ (stealth).
  6412 | D:9      | 6412 ||| STAIRDANCE
  6418 | D:8      | 6418 ||| INVOKING Heroism.
  6528 | D:9      | 6528 ||| FLEEEEING.
  6529 | D:9      | 6529 ||| FLEEEEING.
  6530 | D:9      | 6530 ||| FLEEEEING.
  6531 | D:9      | 6531 ||| INVOKING Heroism.
  6541 | D:9      | 6541 ||| Stepping ~*~*~tactically~*~*~ (stealth).
  6550 | D:9      | 6550 ||| Stepping ~*~*~tactically~*~*~ (stealth).
  6551 | D:9      | 6551 ||| Stepping ~*~*~tactically~*~*~ (stealth).
  6560 | D:9      | 6560 ||| Stepping ~*~*~tactically~*~*~ (stealth).
  6581 | D:9      | Reached *** piety under Okawaru
  6582 | D:9      | Reached skill level 5 in Shields
  6698 | D:9      | Found a snail-covered altar of Cheibriados.
  6738 | D:9      | 6738 ||| Stepping ~*~*~tactically~*~*~ (stealth).
  6871 | D:9      | 6871 ||| Stepping ~*~*~tactically~*~*~ (hiding).
  6873 | D:9      | 6873 ||| Stepping ~*~*~tactically~*~*~ (hiding).
  6875 | D:9      | 6875 ||| Stepping ~*~*~tactically~*~*~ (hiding).
  7167 | D:9      | 7167 ||| READING scroll labelled ACWO ITWIAFAAC.
  7183 | D:10     | Entered Level 10 of the Dungeon
  7192 | D:10     | 7192 ||| Stepping ~*~*~tactically~*~*~ (stealth).
  7195 | D:10     | 7195 ||| Stepping ~*~*~tactically~*~*~ (stealth).
  7204 | D:10     | Reached **** piety under Okawaru
  7234 | D:10     | 7234 ||| Stepping ~*~*~tactically~*~*~ (hiding).
  7414 | D:10     | 7414 ||| Stepping ~*~*~tactically~*~*~ (hiding).
  7425 | D:10     | 7425 ||| Stepping ~*~*~tactically~*~*~ (stealth).
  7434 | D:10     | 7434 ||| Stepping ~*~*~tactically~*~*~ (hiding).
  7451 | D:10     | 7451 ||| Stepping ~*~*~tactically~*~*~ (stealth).
  7454 | D:10     | Noticed a kobold demonologist
  7475 | D:10     | Reached XP level 11. HP: 68/68 MP: 14/14
  7488 | D:10     | Noticed a two-headed ogre
  7489 | D:10     | 7489 ||| Stepping ~*~*~tactically~*~*~ (stealth).
  7490 | D:10     | 7490 ||| Stepping ~*~*~tactically~*~*~ (stealth).
  7491 | D:10     | 7491 ||| INVOKING Heroism.
  7495 | D:10     | Killed a two-headed ogre
  7496 | D:10     | Reached skill level 6 in Invocations
  7624 | D:10     | 7624 ||| INVOKING Heroism.
  7631 | D:10     | 7631 ||| DRINKING 8 potions of curing.
  7631 | D:10     | 7631 ||| (to cure confusion)
  7727 | D:10     | Noticed a white ugly thing
  7736 | D:10     | 7736 ||| INVOKING Heroism.
  7744 | D:10     | 7744 ||| Stepping ~*~*~tactically~*~*~ (stealth).
  7745 | D:10     | 7745 ||| Stepping ~*~*~tactically~*~*~ (stealth).
  7747 | D:10     | 7747 ||| Stepping ~*~*~tactically~*~*~ (stealth).
  7753 | D:10     | 7753 ||| INVOKING Heroism.
  7784 | D:10     | 7784 ||| READING scroll labelled SAC ULEINESH.
  7791 | D:10     | 7791 ||| INVOKING Heroism.
  7802 | D:10     | Killed a white ugly thing
  7811 | D:10     | Reached skill level 3 in Throwing
  7817 | D:10     | Reached skill level 9 in Fighting
  7828 | D:10     | Identified the +9 morningstar of Heweq {flame, rElec Int+6}
  8123 | D:10     | 8123 ||| UPGRADING to scarf of resistance.
  8133 | D:10     | 8133 ||| UPGRADING to ring of resist corrosion.
  8135 | D:10     | 8135 ||| UPGRADING to +6 ring of dexterity.
  8175 | D:11     | 8175 ||| INVOKING Heroism.
  8276 | D:11     | 8276 ||| INVOKING Heroism.
  8288 | D:11     | Noticed a manticore
  8289 | D:11     | 8289 ||| INVOKING Heroism.
  8297 | D:11     | Reached skill level 3 in Dodging
  8308 | D:11     | Killed a manticore
  8331 | D:11     | 8331 ||| INVOKING Heroism.
  8348 | D:11     | Found a shimmering blue altar of Sif Muna.
  8400 | D:11     | Found a staircase to the Orcish Mines.
  8401 | D:11     | 8401 ||| INVOKING Heroism.
  8409 | D:11     | 8409 ||| Stepping ~*~*~tactically~*~*~ (hiding).
  8416 | D:11     | 8416 ||| Stepping ~*~*~tactically~*~*~ (hiding).
  8424 | D:11     | 8424 ||| Stepping ~*~*~tactically~*~*~ (hiding).
  8621 | D:11     | 8621 ||| Stepping ~*~*~tactically~*~*~ (stealth).
  8625 | D:11     | 8625 ||| Stepping ~*~*~tactically~*~*~ (stealth).
  8628 | D:11     | 8628 ||| Stepping ~*~*~tactically~*~*~ (stealth).
  8682 | D:11     | 8682 ||| INVOKING Heroism.
  8762 | D:11     | 8762 ||| INVOKING Heroism.
  8846 | D:11     | 8846 ||| INVOKING Heroism.
  8947 | D:11     | Found a staircase to the Lair.
  9151 | D:11     | 9151 ||| PLANNING LAIR
  9151 | D:11     | 9151 ||| READING scroll labelled DEIVOPT NOYNEUCLOH.
  9152 | D:11     | 9152 ||| DRINKING 3 cyan potions.
  9153 | D:11     | 9153 ||| DROPPING 2 potions of invisibility.
  9239 | Lair:1   | Entered Level 1 of the Lair of Beasts
  9248 | Lair:1   | 9248 ||| INVOKING Heroism.
  9259 | Lair:1   | 9259 ||| Stepping ~*~*~tactically~*~*~ (stealth).
  9279 | Lair:1   | Reached skill level 9 in Invocations
  9282 | Lair:1   | Reached XP level 12. HP: 71/76 MP: 18/18
  9296 | Lair:1   | 9296 ||| INVOKING Heroism.
  9344 | Lair:1   | 9344 ||| FLEEEEING.
  9347 | Lair:1   | 9347 ||| FLEEEEING.
  9350 | Lair:1   | 9350 ||| FLEEEEING.
  9377 | Lair:1   | 9377 ||| Stepping ~*~*~tactically~*~*~ (stealth).
  9387 | Lair:1   | 9387 ||| INVOKING Heroism.
  9390 | Lair:1   | Reached skill level 12 in Axes
  9398 | Lair:1   | Reached skill level 6 in Shields
  9481 | Lair:1   | Identified the ring "Mosicaf" {Wiz rF+ Will++}
  9651 | Lair:1   | 9651 ||| Stepping ~*~*~tactically~*~*~ (stealth).
  9652 | Lair:1   | 9652 ||| Stepping ~*~*~tactically~*~*~ (stealth).
  9701 | Lair:1   | Reached ***** piety under Okawaru
  9714 | Lair:1   | 9714 ||| Stepping ~*~*~tactically~*~*~ (stealth).
  9716 | Lair:1   | 9716 ||| Stepping ~*~*~tactically~*~*~ (stealth).
  9717 | Lair:1   | 9717 ||| INVOKING Heroism.
  9743 | Lair:1   | Received a gift from Okawaru
  9801 | Lair:1   | 9801 ||| READING scroll of enchant weapon.
  9801 | Lair:1   | 9801 ||| ENCHANTING +1 broad axe of freezing.
 10154 | Lair:1   | 10154 ||| FLEEEEING.
 10155 | Lair:1   | 10155 ||| FLEEEEING.
 10156 | Lair:1   | 10156 ||| FLEEEEING.
 10157 | Lair:1   | 10157 ||| FLEEEEING.
 10158 | Lair:1   | 10158 ||| FLEEEEING.
 10159 | Lair:1   | 10159 ||| FLEEEEING.
 10160 | Lair:1   | 10160 ||| FLEEEEING.
 10161 | Lair:1   | 10161 ||| FLEEEEING.
 10162 | Lair:1   | 10162 ||| FLEEEEING.
 10163 | Lair:1   | 10163 ||| FLEEEEING.
 10164 | Lair:1   | 10164 ||| FLEEEEING.
 10165 | Lair:1   | 10165 ||| FLEEEEING.
 10166 | Lair:1   | 10166 ||| STAIRDANCE
 10168 | D:11     | 10168 ||| UPGRADING to ring "Mosicaf" {Wiz rF+ Will++}.
 10170 | D:11     | 10170 ||| UPGRADING to +4 ring of protection.
 10174 | Lair:1   | 10174 ||| STAIRDANCE
 10176 | D:11     | 10176 ||| INVOKING Heroism.
 10181 | D:11     | Identified the +1 helmet of Moral Flaws {Will+ Str+2}
                  | (Okawaru gifted it to you on level 11 of the Dungeon)
 10181 | D:11     | Received a gift from Okawaru
 10202 | D:11     | 10202 ||| UPGRADING to +1 helmet of Moral Flaws {Will+
                  | Str+2}.
 10212 | D:11     | 10212 ||| DROPPING +0 helmet.
 10348 | Lair:2   | 10348 ||| INVOKING Heroism.
 10366 | Lair:2   | 10366 ||| Stepping ~*~*~tactically~*~*~ (stealth).
 10384 | Lair:2   | 10384 ||| INVOKING Heroism.
 10412 | Lair:2   | Reached XP level 13. HP: 82/82 MP: 20/20
 10422 | Lair:2   | Noticed Gastronok
 10438 | Lair:2   | Killed Gastronok
 10538 | Lair:2   | 10538 ||| Stepping ~*~*~tactically~*~*~ (stealth).
 10578 | Lair:2   | 10578 ||| Stepping ~*~*~tactically~*~*~ (hiding).
 10579 | Lair:2   | 10579 ||| INVOKING Heroism.
 10580 | Lair:2   | 10580 ||| INVOKING Finesse.
 10581 | Lair:2   | 10581 ||| SWAPPING to +0 war axe of flaming.
 10592 | Lair:2   | 10592 ||| SWAPPING to +2 broad axe of freezing.
 10638 | Lair:2   | Identified the +3 falchion "Haclop" {antimagic, rPois rC+
                  | rCorr Stlth+}
 10714 | Lair:2   | 10714 ||| INVOKING Heroism.
 10846 | Lair:2   | 10846 ||| Stepping ~*~*~tactically~*~*~ (hiding).
 10883 | Lair:2   | 10883 ||| Stepping ~*~*~tactically~*~*~ (stealth).
 10885 | Lair:2   | 10885 ||| Stepping ~*~*~tactically~*~*~ (hiding).
 10886 | Lair:2   | 10886 ||| Stepping ~*~*~tactically~*~*~ (hiding).
 11089 | Lair:2   | 11089 ||| Stepping ~*~*~tactically~*~*~ (hiding).
 11123 | Lair:2   | 11123 ||| INVOKING Heroism.
 11481 | Lair:2   | 11481 ||| READING scroll labelled PADDE METHIN.
 11545 | Lair:3   | 11545 ||| Stepping ~*~*~tactically~*~*~ (stealth).
 11546 | Lair:3   | 11546 ||| Stepping ~*~*~tactically~*~*~ (stealth).
 11547 | Lair:3   | Found a staircase to the Swamp.
 11549 | Lair:3   | 11549 ||| Stepping ~*~*~tactically~*~*~ (hiding).
 11566 | Lair:3   | 11566 ||| Stepping ~*~*~tactically~*~*~ (stealth).
 11599 | Lair:3   | 11599 ||| Stepping ~*~*~tactically~*~*~ (water).
 11621 | Lair:3   | Found a hole to the Spider Nest.
 11710 | Lair:3   | 11710 ||| Stepping ~*~*~tactically~*~*~ (stealth).
 11712 | Lair:3   | 11712 ||| Stepping ~*~*~tactically~*~*~ (stealth).
 11745 | Lair:3   | 11745 ||| READING scroll of acquirement.
 11745 | Lair:3   | 11745 ||| ACQUIRING 849 gold pieces
 11745 | Lair:3   | Acquired 849 gold pieces
 11876 | Lair:3   | 11876 ||| Stepping ~*~*~tactically~*~*~ (stealth).
 12009 | Lair:3   | 12009 ||| Stepping ~*~*~tactically~*~*~ (stealth).
 12014 | Lair:3   | 12014 ||| Stepping ~*~*~tactically~*~*~ (stealth).
 12285 | Lair:3   | 12285 ||| DROPPING amulet of the acrobat.
 12313 | Lair:4   | 12313 ||| PLANNING GAUNTLET
 12313 | Lair:4   | 12313 ||| INVOKING Heroism.
 12374 | Lair:4   | 12374 ||| INVOKING Heroism.
 12391 | Lair:4   | Reached skill level 7 in Shields
 12489 | Lair:4   | 12489 ||| INVOKING Heroism.
 12494 | Lair:4   | 12494 ||| SWAPPING to +0 war axe of flaming.
 12496 | Lair:4   | 12496 ||| SWAPPING to +2 broad axe of freezing.
 12502 | Lair:4   | Reached skill level 9 in Armour
 12582 | Lair:4   | You fall into a shaft and drop 1 floor!
 12582 | Lair:5   | Entered Level 5 of the Lair of Beasts
 12583 | Lair:5   | 12583 ||| INVOKING Heroism.
 12597 | Lair:5   | 12597 ||| INVOKING Finesse.
 12600 | Lair:5   | 12600 ||| SWAPPING to +0 war axe of flaming.
 12604 | Lair:5   | HP: 18/84 [four-headed hydra (9)]
 12605 | Lair:5   | 12605 ||| READING 9 scrolls of teleportation.
 12605 | Lair:5   | HP: 5/84 [death yak (14)]
 12606 | Lair:5   | 12606 ||| DRINKING 5 potions of heal wounds.
 12609 | Lair:5   | Received a gift from Okawaru
 12611 | Lair:5   | 12611 ||| SWAPPING to +2 broad axe of freezing.
 12672 | Lair:5   | Identified the +3 broad axe "Killer Bee's Death" {spect,
                  | Drain rElec rC+++ Str-5} (Okawaru gifted it to you on level
                  | 5 of the Lair of Beasts)
 12672 | Lair:5   | Received a gift from Okawaru
 12685 | Lair:5   | 12685 ||| SWAPPING to +3 broad axe "Killer Bee's Death"
                  | {spect, Drain rElec rC+++ Str-5}.
 12701 | Lair:5   | 12701 ||| INVOKING Heroism.
 12718 | Lair:5   | Gained mutation: Your large and strong wings let you fly.
                  | [Gargoyle growth]
 12718 | Lair:5   | Reached XP level 14. HP: 90/90 MP: 21/21
 12718 | Lair:5   | 12718 ||| Stepping ~*~*~tactically~*~*~ (stealth).
 12720 | Lair:5   | 12720 ||| Stepping ~*~*~tactically~*~*~ (hiding).
 12762 | Lair:5   | 12762 ||| Stepping ~*~*~tactically~*~*~ (stealth).
 12766 | Lair:5   | 12766 ||| Stepping ~*~*~tactically~*~*~ (stealth).
 12773 | Lair:5   | Reached skill level 15 in Axes
 12808 | Lair:5   | 12808 ||| Stepping ~*~*~tactically~*~*~ (stealth).
 12870 | Lair:5   | Reached skill level 12 in Fighting
 12875 | Lair:5   | 12875 ||| UPGRADING to +0 cloak.
 12932 | Lair:4   | 12932 ||| RIP GAUNTLET
 12976 | Lair:4   | 12976 ||| PLANNING LAIR
 13474 | Lair:5   | Received a gift from Okawaru
 13567 | Lair:5   | 13567 ||| Stepping ~*~*~tactically~*~*~ (stealth).
 13624 | Lair:5   | 13624 ||| INVOKING Heroism.
 13625 | Lair:5   | 13625 ||| INVOKING Finesse.
 13626 | Lair:5   | Found a staircase to the Slime Pits.
 13728 | Lair:5   | 13728 ||| READING scroll of enchant armour.
 13728 | Lair:5   | 13728 ||| ENCHANTING +1 pair of gloves.
 13970 | Lair:5   | 13970 ||| Stepping ~*~*~tactically~*~*~ (hiding).
 13971 | Lair:5   | 13971 ||| Stepping ~*~*~tactically~*~*~ (hiding).
 13990 | Lair:5   | 13990 ||| Stepping ~*~*~tactically~*~*~ (stealth).
 13991 | Lair:5   | 13991 ||| Stepping ~*~*~tactically~*~*~ (stealth).
 14027 | Lair:5   | 14027 ||| Stepping ~*~*~tactically~*~*~ (hiding).
 14141 | Lair:5   | 14141 ||| Stepping ~*~*~tactically~*~*~ (hiding).
 14265 | Lair:5   | 14265 ||| INVOKING Heroism.
 14266 | Lair:5   | 14266 ||| INVOKING Finesse.
 14408 | Lair:5   | 14408 ||| Stepping ~*~*~tactically~*~*~ (stealth).
 14416 | Lair:5   | 14416 ||| Stepping ~*~*~tactically~*~*~ (stealth).
 14417 | Lair:5   | 14417 ||| Stepping ~*~*~tactically~*~*~ (stealth).
 14568 | Lair:5   | 14568 ||| Stepping ~*~*~tactically~*~*~ (stealth).
 14569 | Lair:5   | 14569 ||| INVOKING Heroism.
 14570 | Lair:5   | 14570 ||| Stepping ~*~*~tactically~*~*~ (stealth).
 14575 | Lair:5   | 14575 ||| Stepping ~*~*~tactically~*~*~ (hiding).
 14666 | Lair:5   | 14666 ||| PLANNING D
 14666 | Lair:5   | 14666 ||| DROPPING +0 pair of boots of stealth.
 14949 | D:12     | Reached skill level 8 in Shields
 14962 | D:12     | Noticed Lodul
 14969 | D:12     | Killed Lodul
 15189 | D:12     | 15189 ||| Stepping ~*~*~tactically~*~*~ (hiding).
 15193 | D:12     | 15193 ||| Stepping ~*~*~tactically~*~*~ (hiding).
 15212 | D:12     | Reached skill level 6 in Throwing
 15228 | D:12     | 15228 ||| INVOKING Heroism.
 15229 | D:12     | 15229 ||| INVOKING Finesse.
 15234 | D:12     | Received a gift from Okawaru
 15343 | D:12     | Found Gehiuph's Antique Armour Emporium.
 15347 | D:12     | 15347 ||| BUYING kite shield (117 gold).
 15347 | D:12     | Bought a kite shield for 117 gold pieces
 15347 | D:12     | 15347 ||| BUYING shiny kite shield (195 gold).
 15347 | D:12     | Bought a shiny kite shield for 195 gold pieces
 15462 | D:12     | 15462 ||| UPGRADING to +0 kite shield.
 15472 | D:12     | 15472 ||| DROPPING +0 buckler.
 15473 | D:12     | 15473 ||| UPGRADING to +0 kite shield of protection.
 15483 | D:12     | 15483 ||| DROPPING +0 kite shield.
 15484 | D:12     | 15484 ||| READING scroll labelled MAIMEA IMEORGH.
 15570 | D:13     | Noticed Jorgrun
 15571 | D:13     | 15571 ||| INVOKING Heroism.
 15579 | D:13     | Noticed Urug
 15580 | D:13     | Killed Jorgrun
 15586 | D:13     | Killed Urug
 15587 | D:13     | 15587 ||| Stepping ~*~*~tactically~*~*~ (hiding).
 15603 | D:13     | 15603 ||| READING 8 scrolls of teleportation.
 15652 | D:13     | 15652 ||| Stepping ~*~*~tactically~*~*~ (stealth).
 15654 | D:13     | 15654 ||| Stepping ~*~*~tactically~*~*~ (stealth).
 15658 | D:13     | 15658 ||| Stepping ~*~*~tactically~*~*~ (stealth).
 15661 | D:13     | Reached XP level 15. HP: 96/96 MP: 22/22
 15662 | D:13     | Reached skill level 9 in Shields
 15818 | D:13     | Noticed Josephine
 15819 | D:13     | Received a gift from Okawaru
 15826 | D:13     | Killed Josephine
 15835 | D:13     | 15835 ||| INVOKING Heroism.
 15841 | D:13     | 15841 ||| SWAPPING to +0 war axe of flaming.
 15848 | D:13     | Reached skill level 10 in Shields
 15848 | D:13     | 15848 ||| SWAPPING to +3 broad axe "Killer Bee's Death"
                  | {spect, Drain rElec rC+++ Str-5}.
 15891 | D:13     | 15891 ||| Stepping ~*~*~tactically~*~*~ (stealth).
 15929 | D:13     | Found a gate to the Vaults.
 16146 | D:13     | 16146 ||| READING 11 scrolls of identify.
 16146 | D:13     | 16146 ||| IDENTIFYING fizzy black potion
 16147 | D:13     | 16147 ||| DROPPING potion of berserk rage.
 16181 | D:14     | Found Lexaykh's Antique Armour Shoppe.
 16182 | D:14     | 16182 ||| INVOKING Heroism.
 16243 | D:14     | 16243 ||| BUYING runed chain mail (195 gold).
 16243 | D:14     | Bought a runed chain mail for 195 gold pieces
 16243 | D:14     | 16243 ||| BUYING shiny plate armour (676 gold).
 16243 | D:14     | Bought a shiny plate armour for 676 gold pieces
 16281 | D:14     | 16281 ||| Stepping ~*~*~tactically~*~*~ (hiding).
 16282 | D:14     | 16282 ||| Stepping ~*~*~tactically~*~*~ (hiding).
 16283 | D:14     | 16283 ||| INVOKING Heroism.
 16284 | D:14     | 16284 ||| Stepping ~*~*~tactically~*~*~ (hiding).
 16327 | D:14     | Reached skill level 11 in Shields
 16342 | D:14     | 16342 ||| INVOKING Heroism.
 16368 | D:14     | Received a gift from Okawaru
 16424 | D:14     | Found Man Kaha's Antique Armour Boutique.
 16436 | D:14     | 16436 ||| BUYING pair of embroidered boots (217 gold).
 16436 | D:14     | Bought a pair of embroidered boots for 217 gold pieces
 16439 | D:14     | 16439 ||| Stepping ~*~*~tactically~*~*~ (hiding).
 16604 | D:14     | 16604 ||| Stepping ~*~*~tactically~*~*~ (stealth).
 16606 | D:14     | 16606 ||| Stepping ~*~*~tactically~*~*~ (hiding).
 16727 | D:14     | Found Ronki's Antique Weapon Boutique.
 16832 | D:14     | Found a burning altar of Makhleb.
 16966 | D:14     | Found Imurch's Antique Armour Boutique.
 17035 | D:14     | 17035 ||| DROPPING +1 chain mail of cold resistance.
 17036 | D:14     | 17036 ||| DROPPING +4 chain mail of poison resistance.
 17037 | D:14     | 17037 ||| DROPPING +0 pair of boots of flying.
 17058 | D:15     | Entered Level 15 of the Dungeon
 17072 | D:15     | 17072 ||| Stepping ~*~*~tactically~*~*~ (hiding).
 17085 | D:15     | Reached skill level 12 in Shields
 17178 | D:15     | Identified Roxanne's Vellum of Terrain
 17178 | D:15     | Noticed Roxanne
 17179 | D:15     | 17179 ||| INVOKING Heroism.
 17180 | D:15     | 17180 ||| INVOKING Finesse.
 17207 | D:15     | Killed Roxanne
 17352 | D:15     | 17352 ||| Stepping ~*~*~tactically~*~*~ (stealth).
 17359 | D:15     | 17359 ||| Stepping ~*~*~tactically~*~*~ (stealth).
 17372 | D:15     | Reached skill level 13 in Shields
 17410 | D:15     | Noticed Kirke
 17411 | D:15     | 17411 ||| INVOKING Heroism.
 17412 | D:15     | 17412 ||| INVOKING Finesse.
 17436 | D:15     | Killed Kirke
 17544 | D:15     | Identified the +0 ring mail of Okawaru's Hatred {MP-9
                  | Str+4} (Okawaru gifted it to you on level 15 of the
                  | Dungeon)
 17544 | D:15     | Received a gift from Okawaru
 17608 | D:15     | 17608 ||| Stepping ~*~*~tactically~*~*~ (hiding).
 17612 | D:15     | 17612 ||| INVOKING Heroism.
 17629 | D:15     | Found a staircase to the Depths.
 17686 | D:15     | Noticed an orc warlord
 17694 | D:15     | Found a transporter.
 17733 | D:15     | 17733 ||| INVOKING Heroism.
 17734 | D:15     | 17734 ||| INVOKING Finesse.
 17735 | D:15     | 17735 ||| INVOKING Finesse.
 17736 | D:15     | 17736 ||| SWAPPING to +0 war axe of flaming.
 17741 | D:15     | 17741 ||| SWAPPING to +3 broad axe "Killer Bee's Death"
                  | {spect, Drain rElec rC+++ Str-5}.
 17830 | D:15     | Found a transporter.
 17837 | D:15     | Noticed a tentacled starspawn
 17848 | D:15     | Found a one-way gate to the infinite horrors of the Abyss.
 17848 | D:15     | Noticed Yamstis's ghost (adept GnMo)
 18093 | D:15     | 18093 ||| PLANNING ORC
 18093 | D:15     | 18093 ||| READING 10 scrolls of identify.
 18093 | D:15     | 18093 ||| IDENTIFYING white potion
 18188 | Orc:1    | Entered Level 1 of the Orcish Mines
 18213 | Orc:1    | 18213 ||| Stepping ~*~*~tactically~*~*~ (stealth).
 18214 | Orc:1    | 18214 ||| Stepping ~*~*~tactically~*~*~ (stealth).
 18255 | Orc:1    | Found Xetuolisch's Armour Shop.
 18283 | Orc:1    | 18283 ||| SHOPLISTING +9 scale mail "Etozxipn" {rElec rCorr
                  | Str+2 Int+4} (1299 gold, have 1262).
 18519 | Orc:2    | Entered Level 2 of the Orcish Mines
 18523 | Orc:2    | Found Megy's Antique Weapon Emporium.
 18531 | Orc:2    | 18531 ||| FLEEEEING.
 18532 | Orc:2    | 18532 ||| FLEEEEING.
 18533 | Orc:2    | 18533 ||| FLEEEEING.
 18534 | Orc:2    | 18534 ||| STAIRDANCE
 18589 | Orc:2    | Found a staircase to the Elven Halls.
 18602 | Orc:2    | 18602 ||| Stepping ~*~*~tactically~*~*~ (stealth).
 18605 | Orc:2    | 18605 ||| INVOKING Heroism.
 18649 | Orc:2    | 18649 ||| Stepping ~*~*~tactically~*~*~ (stealth).
 18651 | Orc:2    | 18651 ||| Stepping ~*~*~tactically~*~*~ (stealth).
 18652 | Orc:2    | 18652 ||| Stepping ~*~*~tactically~*~*~ (stealth).
 18653 | Orc:2    | 18653 ||| Stepping ~*~*~tactically~*~*~ (stealth).
 18656 | Orc:2    | 18656 ||| Stepping ~*~*~tactically~*~*~ (stealth).
 18769 | Orc:2    | 18769 ||| Stepping ~*~*~tactically~*~*~ (hiding).
 18777 | Orc:2    | 18777 ||| Stepping ~*~*~tactically~*~*~ (hiding).
 18782 | Orc:2    | 18782 ||| INVOKING Heroism.
 18790 | Orc:2    | Found Meyt Cae's Armour Shoppe.
 18819 | Orc:2    | Reached XP level 16. HP: 59/101 MP: 23/23
 18829 | Orc:2    | 18829 ||| INVOKING Heroism.
 18898 | Orc:2    | Found Udaisoy's Weapon Shop.
 18904 | Orc:2    | Found Kinenn's Book Shop.
 18906 | Orc:2    | 18906 ||| BUYING +1 pair of boots (149 gold).
 18906 | Orc:2    | Bought a +1 pair of boots for 149 gold pieces
 18911 | Orc:2    | Found Sasaaxoy's Antique Weapon Shoppe.
 19031 | Orc:2    | 19031 ||| PLANNING SWAMP:1-3
 19031 | Orc:2    | 19031 ||| UPGRADING to +1 pair of boots.
 19041 | Orc:2    | 19041 ||| DROPPING +0 pair of boots.
 19161 | Swamp:1  | Entered Level 1 of the Swamp
 19162 | Swamp:1  | 19162 ||| Stepping ~*~*~tactically~*~*~ (hiding).
 19213 | Swamp:1  | 19213 ||| Stepping ~*~*~tactically~*~*~ (stealth).
 19215 | Swamp:1  | 19215 ||| Stepping ~*~*~tactically~*~*~ (hiding).
 19216 | Swamp:1  | 19216 ||| Stepping ~*~*~tactically~*~*~ (hiding).
 19219 | Swamp:1  | 19219 ||| INVOKING Heroism.
 19244 | Swamp:1  | 19244 ||| Stepping ~*~*~tactically~*~*~ (stealth).
 19281 | Swamp:1  | 19281 ||| Stepping ~*~*~tactically~*~*~ (stealth).
 19300 | Swamp:1  | 19300 ||| INVOKING Heroism.
 19329 | Swamp:1  | 19329 ||| Stepping ~*~*~tactically~*~*~ (stealth).
 19331 | Swamp:1  | 19331 ||| Stepping ~*~*~tactically~*~*~ (stealth).
 19430 | Swamp:1  | Noticed a fenstrider witch
 19431 | Swamp:1  | 19431 ||| INVOKING Heroism.
 19435 | Swamp:1  | Killed a fenstrider witch
 19445 | Swamp:1  | 19445 ||| Stepping ~*~*~tactically~*~*~ (stealth).
 19446 | Swamp:1  | 19446 ||| Stepping ~*~*~tactically~*~*~ (stealth).
 19566 | Swamp:1  | 19566 ||| INVOKING Heroism.
 19837 | Swamp:1  | 19837 ||| DROPPING +2 helmet.
 19875 | Swamp:2  | 19875 ||| FLEEEEING.
 19876 | Swamp:2  | 19876 ||| STAIRDANCE
 19944 | Swamp:2  | 19944 ||| INVOKING Heroism.
 19956 | Swamp:2  | 19956 ||| SWAPPING to +0 war axe of flaming.
 19965 | Swamp:2  | 19965 ||| SWAPPING to +3 broad axe "Killer Bee's Death"
                  | {spect, Drain rElec rC+++ Str-5}.
 20032 | Swamp:2  | 20032 ||| INVOKING Heroism.
 20034 | Swamp:2  | 20034 ||| SWAPPING to +0 war axe of flaming.
 20044 | Swamp:2  | 20044 ||| SWAPPING to +3 broad axe "Killer Bee's Death"
                  | {spect, Drain rElec rC+++ Str-5}.
 20093 | Swamp:2  | 20093 ||| INVOKING Heroism.
 20218 | Swamp:2  | 20218 ||| Stepping ~*~*~tactically~*~*~ (stealth).
 20219 | Swamp:2  | Noticed a fenstrider witch
 20220 | Swamp:2  | 20220 ||| Stepping ~*~*~tactically~*~*~ (hiding).
 20221 | Swamp:2  | 20221 ||| Stepping ~*~*~tactically~*~*~ (hiding).
 20222 | Swamp:2  | 20222 ||| INVOKING Heroism.
 20223 | Swamp:2  | 20223 ||| SWAPPING to +0 war axe of flaming.
 20228 | Swamp:2  | 20228 ||| SWAPPING to +3 broad axe "Killer Bee's Death"
                  | {spect, Drain rElec rC+++ Str-5}.
 20231 | Swamp:2  | Killed a fenstrider witch
 20231 | Swamp:2  | Received a gift from Okawaru
 20436 | Swamp:2  | Noticed a thorn hunter
 20437 | Swamp:2  | 20437 ||| INVOKING Heroism.
 20447 | Swamp:2  | Killed a thorn hunter
 20550 | Swamp:3  | Noticed a fenstrider witch
 20551 | Swamp:3  | 20551 ||| INVOKING Heroism.
 20559 | Swamp:3  | Killed a fenstrider witch
 20579 | Swamp:3  | HP: 23/95 [spriggan rider/+0 spear (11)]
 20580 | Swamp:3  | 20580 ||| READING 7 scrolls of teleportation.
 20586 | Swamp:3  | 20586 ||| FLEEEEING.
 20587 | Swamp:3  | 20587 ||| Stepping ~*~*~tactically~*~*~ (stealth).
 20588 | Swamp:3  | 20588 ||| FLEEEEING.
 20595 | Swamp:3  | 20595 ||| FLEEEEING.
 20596 | Swamp:3  | 20596 ||| FLEEEEING.
 20597 | Swamp:3  | 20597 ||| FLEEEEING.
 20598 | Swamp:3  | 20598 ||| FLEEEEING.
 20599 | Swamp:3  | 20599 ||| FLEEEEING.
 20600 | Swamp:3  | 20600 ||| STAIRDANCE
 20646 | Swamp:3  | 20646 ||| INVOKING Heroism.
 20647 | Swamp:3  | 20647 ||| SWAPPING to +0 war axe of flaming.
 20653 | Swamp:3  | 20653 ||| SWAPPING to +3 broad axe "Killer Bee's Death"
                  | {spect, Drain rElec rC+++ Str-5}.
 20654 | Swamp:3  | 20654 ||| STAIRDANCE
 20706 | Swamp:3  | 20706 ||| INVOKING Heroism.
 20714 | Swamp:3  | Received a gift from Okawaru
 20732 | Swamp:3  | Reached skill level 18 in Axes
 20757 | Swamp:3  | 20757 ||| Stepping ~*~*~tactically~*~*~ (hiding).
 20758 | Swamp:3  | 20758 ||| Stepping ~*~*~tactically~*~*~ (hiding).
 20760 | Swamp:3  | 20760 ||| INVOKING Heroism.
 20772 | Swamp:3  | 20772 ||| Stepping ~*~*~tactically~*~*~ (stealth).
 20795 | Swamp:3  | 20795 ||| INVOKING Heroism.
 20846 | Swamp:3  | 20846 ||| READING scroll of enchant armour.
 20846 | Swamp:3  | 20846 ||| ENCHANTING +1 pair of boots.
 20911 | Swamp:3  | 20911 ||| Stepping ~*~*~tactically~*~*~ (stealth).
 21226 | Swamp:3  | 21226 ||| PLANNING SPIDER:1-3
 21226 | Swamp:3  | 21226 ||| UPGRADING to amulet of faith.
 21300 | Spider:1 | Entered Level 1 of the Spider Nest
 21326 | Spider:1 | 21326 ||| Stepping ~*~*~tactically~*~*~ (stealth).
 21327 | Spider:1 | 21327 ||| Stepping ~*~*~tactically~*~*~ (stealth).
 21429 | Spider:1 | 21429 ||| Stepping ~*~*~tactically~*~*~ (stealth).
 21443 | Spider:1 | 21443 ||| Stepping ~*~*~tactically~*~*~ (stealth).
 21445 | Spider:1 | 21445 ||| INVOKING Heroism.
 21447 | Spider:1 | Reached skill level 12 in Armour
 21538 | Spider:1 | Reached XP level 17. HP: 97/109 MP: 24/24
 21702 | Spider:1 | 21702 ||| INVOKING Heroism.
 22069 | Spider:1 | Received a gift from Okawaru
 22101 | Spider:1 | 22101 ||| Stepping ~*~*~tactically~*~*~ (stealth).
 22104 | Spider:1 | 22104 ||| Stepping ~*~*~tactically~*~*~ (stealth).
 22204 | Spider:1 | Reached skill level 14 in Shields
 22265 | Spider:1 | 22265 ||| Stepping ~*~*~tactically~*~*~ (stealth).
 22371 | Spider:1 | 22371 ||| Stepping ~*~*~tactically~*~*~ (stealth).
 22372 | Spider:1 | 22372 ||| Stepping ~*~*~tactically~*~*~ (stealth).
 22374 | Spider:1 | 22374 ||| INVOKING Heroism.
 22382 | Spider:1 | 22382 ||| INVOKING Finesse.
 22398 | Spider:1 | Identified the +0 chain mail of the Realm of Zot {Str+4
                  | Int+3 Stlth-} (Okawaru gifted it to you on level 1 of the
                  | Spider Nest)
 22398 | Spider:1 | Received a gift from Okawaru
 22545 | Spider:1 | 22545 ||| Stepping ~*~*~tactically~*~*~ (hiding).
 22546 | Spider:1 | 22546 ||| Stepping ~*~*~tactically~*~*~ (hiding).
 22547 | Spider:1 | 22547 ||| INVOKING Finesse.
 23094 | Spider:1 | 23094 ||| DROPPING +0 chain mail of the Realm of Zot {Str+4
                  | Int+3 Stlth-}.
 23127 | Spider:2 | Noticed Arachne
 23128 | Spider:2 | 23128 ||| INVOKING Finesse.
 23140 | Spider:2 | Killed Arachne
 23154 | Spider:2 | Found a frozen archway.
 23217 | Spider:2 | 23217 ||| INVOKING Heroism.
 23220 | Spider:2 | 23220 ||| Stepping ~*~*~tactically~*~*~ (stealth).
 23260 | Spider:2 | Reached skill level 15 in Fighting
 23270 | Spider:2 | 23270 ||| INVOKING Heroism.
 23284 | Spider:2 | HP: 28/113 [sun moth (2)]
 23285 | Spider:2 | 23285 ||| READING 8 scrolls of teleportation.
 23286 | Spider:2 | 23286 ||| DRINKING 5 potions of heal wounds.
 23543 | Spider:2 | Noticed Donald
 23544 | Spider:2 | 23544 ||| INVOKING Heroism.
 23559 | Spider:2 | HP: 20/113 [Donald/+2 double sword of distortion (23)]
 23560 | Spider:2 | 23560 ||| READING 7 scrolls of teleportation.
 23561 | Spider:2 | 23561 ||| DRINKING 4 potions of heal wounds.
 23563 | Spider:2 | 23563 ||| DRINKING 3 potions of heal wounds.
 23571 | Spider:2 | HP: 24/113 [radroach (10)]
 23572 | Spider:2 | 23572 ||| READING 6 scrolls of teleportation.
 23573 | Spider:2 | 23573 ||| DRINKING 2 potions of heal wounds.
 23578 | Spider:2 | 23578 ||| Stepping ~*~*~tactically~*~*~ (hiding).
 23580 | Spider:2 | 23580 ||| Stepping ~*~*~tactically~*~*~ (hiding).
 23667 | Spider:2 | 23667 ||| INVOKING Heroism.
 23807 | Spider:2 | 23807 ||| INVOKING Heroism.
 23810 | Spider:2 | 23810 ||| READING 5 scrolls of teleportation.
 23814 | Spider:2 | 23814 ||| READING 4 scrolls of teleportation.
 23818 | Spider:2 | HP: 26/113 [disintegration (34)]
 23819 | Spider:2 | 23819 ||| DRINKING potion of heal wounds.
 23820 | Spider:2 | 23820 ||| READING 3 scrolls of teleportation.
 23823 | Spider:2 | HP: 27/113 [disintegration (22)]
 23824 | Spider:2 | Noticed Aizul
 23824 | Spider:2 | HP: 12/113 [Aizul (10)]
 23825 | Spider:2 | 23825 ||| READING 2 scrolls of teleportation.
 23826 | Spider:2 | 23826 ||| FLEEEEING.
 23827 | Spider:2 | 23827 ||| FLEEEEING.
 23828 | Spider:2 | 23828 ||| FLEEEEING.
 23829 | Spider:2 | 23829 ||| FLEEEEING.
 23870 | Spider:2 | 23870 ||| INVOKING Heroism.
 23871 | Spider:2 | HP: 25/113 [disintegration (5)]
 23872 | Spider:2 | 23872 ||| READING scroll of teleportation.
 23879 | Spider:2 | HP: 27/113 [sun moth (1)]
 24024 | Spider:2 | 24024 ||| INVOKING Heroism.
 24350 | Spider:2 | 24350 ||| Stepping ~*~*~tactically~*~*~ (stealth).
 24352 | Spider:2 | 24352 ||| Stepping ~*~*~tactically~*~*~ (hiding).
 24355 | Spider:2 | 24355 ||| INVOKING Heroism.
 24596 | Spider:2 | 24596 ||| Stepping ~*~*~tactically~*~*~ (stealth).
 24650 | Spider:2 | 24650 ||| Stepping ~*~*~tactically~*~*~ (stealth).
 24651 | Spider:2 | 24651 ||| Stepping ~*~*~tactically~*~*~ (stealth).
 24693 | Spider:2 | 24693 ||| INVOKING Heroism.
 24710 | Spider:2 | Killed Aizul
 24769 | Spider:2 | 24769 ||| Stepping ~*~*~tactically~*~*~ (stealth).
 24813 | Spider:2 | 24813 ||| INVOKING Heroism.
 24914 | Spider:2 | 24914 ||| INVOKING Heroism.
 24916 | Spider:2 | 24916 ||| Stepping ~*~*~tactically~*~*~ (hiding).
 25055 | Spider:2 | 25055 ||| Stepping ~*~*~tactically~*~*~ (stealth).
 25077 | Spider:2 | 25077 ||| Stepping ~*~*~tactically~*~*~ (stealth).
 25079 | Spider:2 | 25079 ||| INVOKING Heroism.
 25086 | Spider:2 | Killed Donald
 25102 | Spider:2 | 25102 ||| Stepping ~*~*~tactically~*~*~ (stealth).
 25267 | Spider:2 | 25267 ||| Stepping ~*~*~tactically~*~*~ (stealth).
 25269 | Spider:2 | 25269 ||| Stepping ~*~*~tactically~*~*~ (hiding).
 25281 | Spider:2 | Received a gift from Okawaru
 25440 | Spider:3 | 25440 ||| INVOKING Heroism.
 25441 | Spider:3 | Identified the +1 tower shield of Broken Taboos {rCorr MP+9
                  | Str+2 Dex-3}
 25441 | Spider:3 | Noticed Louise
 25460 | Spider:3 | Reached XP level 18. HP: 84/119 MP: 25/25
 25460 | Spider:3 | Killed Louise
 25473 | Spider:3 | 25473 ||| Stepping ~*~*~tactically~*~*~ (stealth).
 25485 | Spider:3 | 25485 ||| FLEEEEING.
 25486 | Spider:3 | 25486 ||| FLEEEEING.
 25487 | Spider:3 | 25487 ||| FLEEEEING.
 25496 | Spider:3 | 25496 ||| INVOKING Heroism.
 25498 | Spider:3 | Reached skill level 9 in Throwing
 25607 | Spider:3 | 25607 ||| DROPPING +0 war axe of flaming.
 25675 | Spider:3 | Received a gift from Okawaru
 25867 | Spider:3 | 25867 ||| Stepping ~*~*~tactically~*~*~ (stealth).
 25870 | Spider:3 | 25870 ||| Stepping ~*~*~tactically~*~*~ (hiding).
 25877 | Spider:3 | Reached skill level 15 in Shields
 26066 | Spider:3 | Noticed Mara
 26068 | Spider:3 | 26068 ||| INVOKING Heroism.
 26091 | Spider:3 | Noticed qw's illusion
 26098 | Spider:3 | Killed Mara
 26410 | Spider:3 | 26410 ||| PLANNING SWAMP:4
 26410 | Spider:3 | 26410 ||| UPGRADING to +1 tower shield of Broken Taboos
                  | {rCorr MP+9 Str+2 Dex-3}.
 26420 | Spider:3 | 26420 ||| DROPPING +0 kite shield of protection.
 26572 | Swamp:4  | Entered Level 4 of the Swamp
 26605 | Swamp:4  | Identified the +1 helmet of Dishonesty {Rampage rC+ rN+
                  | Str-3}
 26631 | Swamp:4  | 26631 ||| INVOKING Heroism.
 26632 | Swamp:4  | Received a gift from Okawaru
 26728 | Swamp:4  | 26728 ||| Stepping ~*~*~tactically~*~*~ (hiding).
 26733 | Swamp:4  | 26733 ||| INVOKING Heroism.
 26780 | Swamp:4  | 26780 ||| INVOKING Heroism.
 26791 | Swamp:4  | Received a gift from Okawaru
 27030 | Swamp:4  | Noticed a tentacled monstrosity
 27031 | Swamp:4  | 27031 ||| INVOKING Heroism.
 27032 | Swamp:4  | 27032 ||| INVOKING Finesse.
 27035 | Swamp:4  | Killed a tentacled monstrosity
 27036 | Swamp:4  | Reached skill level 16 in Shields
 27089 | Swamp:4  | Received a gift from Okawaru
 27119 | Swamp:4  | 27119 ||| INVOKING Heroism.
 27274 | Swamp:4  | 27274 ||| FLEEEEING.
 27275 | Swamp:4  | 27275 ||| FLEEEEING.
 27276 | Swamp:4  | 27276 ||| FLEEEEING.
 27277 | Swamp:4  | 27277 ||| FLEEEEING.
 27278 | Swamp:4  | 27278 ||| FLEEEEING.
 27292 | Swamp:4  | 27292 ||| INVOKING Heroism.
 27335 | Swamp:4  | Gained mutation: Potions are less effective at restoring
                  | your health. [a neqoxec]
 27345 | Swamp:4  | 27345 ||| DRINKING 9 potions of mutation.
 27345 | Swamp:4  | Lost mutation: Potions are less effective at restoring your
                  | health. [potion of mutation]
 27345 | Swamp:4  | Gained mutation: You are clumsy. (Dex -2) [potion of
                  | mutation]
 27345 | Swamp:4  | Gained mutation: You have sharp toenails. [potion of
                  | mutation]
 27383 | Swamp:4  | 27383 ||| INVOKING Heroism.
 27427 | Swamp:4  | 27427 ||| Stepping ~*~*~tactically~*~*~ (cloud).
 27482 | Swamp:4  | 27482 ||| INVOKING Heroism.
 27617 | Swamp:4  | 27617 ||| READING scroll of enchant armour.
 27617 | Swamp:4  | 27617 ||| ENCHANTING +0 cloak.
 27663 | Swamp:4  | 27663 ||| Stepping ~*~*~tactically~*~*~ (hiding).
 27675 | Swamp:4  | Reached skill level 17 in Shields
 27692 | Swamp:4  | 27692 ||| Stepping ~*~*~tactically~*~*~ (stealth).
 27703 | Swamp:4  | 27703 ||| Stepping ~*~*~tactically~*~*~ (stealth).
 27705 | Swamp:4  | 27705 ||| Stepping ~*~*~tactically~*~*~ (hiding).
 27708 | Swamp:4  | 27708 ||| Stepping ~*~*~tactically~*~*~ (hiding).
 27710 | Swamp:4  | 27710 ||| Stepping ~*~*~tactically~*~*~ (hiding).
 27712 | Swamp:4  | 27712 ||| Stepping ~*~*~tactically~*~*~ (hiding).
 27740 | Swamp:4  | 27740 ||| Stepping ~*~*~tactically~*~*~ (stealth).
 27741 | Swamp:4  | 27741 ||| Stepping ~*~*~tactically~*~*~ (stealth).
 27757 | Swamp:4  | 27757 ||| Stepping ~*~*~tactically~*~*~ (stealth).
 27758 | Swamp:4  | 27758 ||| INVOKING Heroism.
 27794 | Swamp:4  | 27794 ||| Stepping ~*~*~tactically~*~*~ (stealth).
 27795 | Swamp:4  | 27795 ||| Stepping ~*~*~tactically~*~*~ (stealth).
 27797 | Swamp:4  | 27797 ||| INVOKING Heroism.
 27816 | Swamp:4  | Got a decaying rune of Zot
 27944 | Swamp:4  | 27944 ||| PLANNING VAULTS:1-4
 27944 | Swamp:4  | 27944 ||| DROPPING +1 pair of gloves.
 27945 | Swamp:4  | 27945 ||| DROPPING +2 helmet.
 27990 | Swamp:4  | 27990 ||| Stepping ~*~*~tactically~*~*~ (stealth).
 28198 | Vaults:1 | Entered Level 1 of the Vaults
 28207 | Vaults:1 | 28207 ||| Stepping ~*~*~tactically~*~*~ (hiding).
 28227 | Vaults:1 | 28227 ||| INVOKING Heroism.
 28228 | Vaults:1 | 28228 ||| INVOKING Finesse.
 28320 | Vaults:1 | 28320 ||| Stepping ~*~*~tactically~*~*~ (hiding).
 28322 | Vaults:1 | 28322 ||| Stepping ~*~*~tactically~*~*~ (hiding).
 28332 | Vaults:1 | 28332 ||| Stepping ~*~*~tactically~*~*~ (stealth).
 28401 | Vaults:1 | Received a gift from Okawaru
 28609 | Vaults:1 | Found Ohiunk's Jewellery Emporium.
 28618 | Vaults:1 | 28618 ||| BUYING amulet of reflection (570 gold).
 28618 | Vaults:1 | Bought an amulet of reflection for 570 gold pieces
 28618 | Vaults:1 | 28618 ||| BUYING ring of Discretion {rElec rCorr Slay+5}
                  | (1045 gold).
 28618 | Vaults:1 | Bought the ring of Discretion {rElec rCorr Slay+5} for 1045
                  | gold pieces
 28647 | Vaults:1 | 28647 ||| INVOKING Heroism.
 28648 | Vaults:1 | 28648 ||| INVOKING Finesse.
 28653 | Vaults:1 | Reached skill level 18 in Shields
 28764 | Vaults:1 | 28764 ||| Stepping ~*~*~tactically~*~*~ (hiding).
 28849 | Vaults:1 | 28849 ||| INVOKING Heroism.
 28864 | Vaults:1 | Received a gift from Okawaru
 28869 | Vaults:1 | Reached XP level 19. HP: 55/125 MP: 26/26
 29201 | Vaults:1 | 29201 ||| Stepping ~*~*~tactically~*~*~ (stealth).
 29203 | Vaults:1 | 29203 ||| INVOKING Heroism.
 29205 | Vaults:1 | 29205 ||| Stepping ~*~*~tactically~*~*~ (hiding).
 29206 | Vaults:1 | 29206 ||| Stepping ~*~*~tactically~*~*~ (hiding).
 29302 | Vaults:1 | 29302 ||| INVOKING Heroism.
 29321 | Vaults:1 | 29321 ||| Stepping ~*~*~tactically~*~*~ (stealth).
 29333 | Vaults:1 | 29333 ||| Stepping ~*~*~tactically~*~*~ (stealth).
 29343 | Vaults:1 | 29343 ||| Stepping ~*~*~tactically~*~*~ (stealth).
 29351 | Vaults:1 | 29351 ||| Stepping ~*~*~tactically~*~*~ (hiding).
 29507 | Vaults:1 | 29507 ||| INVOKING Heroism.
 29511 | Vaults:1 | Received a gift from Okawaru
 29747 | Vaults:1 | 29747 ||| Stepping ~*~*~tactically~*~*~ (hiding).
 29750 | Vaults:1 | 29750 ||| Stepping ~*~*~tactically~*~*~ (hiding).
 29938 | Vaults:1 | 29938 ||| DROPPING amulet of regeneration.
 29939 | Vaults:1 | 29939 ||| DROPPING +6 ring of dexterity.
 29940 | Vaults:1 | 29940 ||| DROPPING ring "Jad Dic" {*Corrode Fly rF+ Dex+4}.
 29941 | Vaults:1 | 29941 ||| UPGRADING to ring of Discretion {rElec rCorr
                  | Slay+5}.
 30021 | Vaults:2 | Reached skill level 19 in Shields
 30021 | Vaults:2 | 30021 ||| Stepping ~*~*~tactically~*~*~ (hiding).
 30033 | Vaults:2 | Received a gift from Okawaru
 30062 | Vaults:2 | 30062 ||| Stepping ~*~*~tactically~*~*~ (stealth).
 30063 | Vaults:2 | 30063 ||| Stepping ~*~*~tactically~*~*~ (stealth).
 30098 | Vaults:2 | 30098 ||| INVOKING Heroism.
 30099 | Vaults:2 | 30099 ||| INVOKING Finesse.
 30102 | Vaults:2 | 30102 ||| Stepping ~*~*~tactically~*~*~ (hiding).
 30129 | Vaults:2 | 30129 ||| Stepping ~*~*~tactically~*~*~ (hiding).
 30131 | Vaults:2 | 30131 ||| INVOKING Heroism.
 30159 | Vaults:2 | 30159 ||| Stepping ~*~*~tactically~*~*~ (stealth).
 30161 | Vaults:2 | 30161 ||| Stepping ~*~*~tactically~*~*~ (stealth).
 30162 | Vaults:2 | 30162 ||| INVOKING Heroism.
 30170 | Vaults:2 | 30170 ||| Stepping ~*~*~tactically~*~*~ (stealth).
 30171 | Vaults:2 | 30171 ||| Stepping ~*~*~tactically~*~*~ (stealth).
 30179 | Vaults:2 | 30179 ||| Stepping ~*~*~tactically~*~*~ (stealth).
 30233 | Vaults:2 | 30233 ||| Stepping ~*~*~tactically~*~*~ (stealth).
 30278 | Vaults:2 | 30278 ||| Stepping ~*~*~tactically~*~*~ (stealth).
 30280 | Vaults:2 | 30280 ||| Stepping ~*~*~tactically~*~*~ (stealth).
 30282 | Vaults:2 | 30282 ||| Stepping ~*~*~tactically~*~*~ (hiding).
 30284 | Vaults:2 | 30284 ||| INVOKING Heroism.
 30332 | Vaults:2 | 30332 ||| Stepping ~*~*~tactically~*~*~ (stealth).
 30353 | Vaults:2 | 30353 ||| Stepping ~*~*~tactically~*~*~ (stealth).
 30395 | Vaults:2 | Received a gift from Okawaru
 30432 | Vaults:2 | Noticed Zenata
 30433 | Vaults:2 | 30433 ||| Stepping ~*~*~tactically~*~*~ (stealth).
 30434 | Vaults:2 | 30434 ||| Stepping ~*~*~tactically~*~*~ (stealth).
 30435 | Vaults:2 | 30435 ||| Stepping ~*~*~tactically~*~*~ (stealth).
 30437 | Vaults:2 | 30437 ||| INVOKING Heroism.
 30438 | Vaults:2 | 30438 ||| INVOKING Finesse.
 30452 | Vaults:2 | Killed Zenata
 30622 | Vaults:2 | Identified the +5 whip "Hubodini" {flame, Str+5}
 30633 | Vaults:2 | 30633 ||| INVOKING Heroism.
 30642 | Vaults:2 | Received a gift from Okawaru
 30656 | Vaults:2 | Found the +6 arbalest "Damnation" {damnation}
 30791 | Vaults:2 | Found the +27 heavy crossbow "Sniper" {heavy, Acc+∞ SInv}
 30812 | Vaults:2 | 30812 ||| INVOKING Heroism.
 30863 | Vaults:2 | 30863 ||| Stepping ~*~*~tactically~*~*~ (hiding).
 30864 | Vaults:2 | 30864 ||| Stepping ~*~*~tactically~*~*~ (hiding).
 31009 | Vaults:2 | 31009 ||| INVOKING Heroism.
 31152 | Vaults:2 | 31152 ||| Stepping ~*~*~tactically~*~*~ (stealth).
 31165 | Vaults:2 | 31165 ||| Stepping ~*~*~tactically~*~*~ (hiding).
 31166 | Vaults:2 | 31166 ||| Stepping ~*~*~tactically~*~*~ (hiding).
 31176 | Vaults:2 | 31176 ||| INVOKING Heroism.
 31180 | Vaults:2 | Received a gift from Okawaru
 31202 | Vaults:2 | 31202 ||| FLEEEEING.
 31208 | Vaults:2 | HP: 30/128 [frost giant/+0 battleaxe of freezing (7)]
 31209 | Vaults:2 | 31209 ||| READING scroll of teleportation.
 31211 | Vaults:2 | HP: 8/128 [ironbound thunderhulk/bolt of lightning (11)]
 31212 | Vaults:2 | Killed from afar by an ironbound thunderhulk

Levels and vault maps discovered:
D:1:      nagdon_arrival_double_spiral, layout_basic, basic_ecumenical_altar,
          serial_shops, nicolae_shop_real_fake_doors, st_stairs_2,
          minmay_statues_item
D:2:      layout_loops_corners, serial_shops, nicolae_shop_hallway_plus,
          uniq_robin
D:3:      layout_rooms, hellmonk_ghost_happy_afterlife
D:4:      layout_rooms, mainiacjoe_overflow_paths, minmay_temple_entry_tees,
          minmay_door_square
D:5:      layout_loops_ring, nicolae_overflow_crystal_walls, serial_shops, shop,
          nrook_mini_vaults, dilly_guarded_unrand_morg
D:6:      layout_cave_pods, serial_shops, nicolae_shop_advertising_works
          [nicolae_subvault_shop_adworks]
D:7:      layout_basic, mainiacjoe_overflow_catwalk_spiral, uniq_maggie
D:8:      layout_cave_pools, lemuel_tele_altar, jmf_multi_god_temple,
          gammafunk_ghost_cemetery, uniq_prince_ribbit1, uniq_psyche
D:9:      layout_small_grid, mainiacjoe_overflow_chevrons, grunt_decor_cap
D:10:     minmay_clustersquares, layout_basic, serial_park_tiny_pond
D:11:     layout_basic, minmay_orc_entry_temple_small,
          nicolae_sif_muna_condensation
D:12:     layout_long_grid, serial_shops, nicolae_shop_back_alley_shop,
          uniq_lodul
D:13:     layout_rooms, david_vaults_4, library_closet, grunt_decor_one_mirror,
          uniq_jorgrun, uniq_josephine, uniq_urug
D:14:     layout_rooms, kennysheep_path_1, serial_shops, shop, shop, shop, shop,
          demons_altar
D:15:     grunt_enter_depths_hoard, layout_long_grid,
          gammafunk_ghost_abyssal_escape, uniq_roxanne, uniq_kirke
Temple:   zaba_magenta_temple
Lair:1:   layout_regular_city, beast_lair_carwin_10
Lair:2:   layout_regular_city, patterned_corridor, lemuel_fruit_tree,
          grunt_megastairs_3, infiniplex_staircase_pool_2, serial_bayou_shore_b,
          uniq_gastronok
Lair:3:   layout_gridlike, minmay_swamp_entry_reptiles, dummy_spider_entry,
          minivault_11
Lair:4:   layout_long_grid, gauntlet_entry_generic, nicolae_lair_lindhole
Lair:5:   hangedman_lair_tendril_chambers, layout_regular_city,
          guppyfry_lair_end_dragon, minmay_slime_entry_oklob_open,
          serial_bayou_lagoon_a
Swamp:1:  layout_basic_swamp, hangedman_swamp_ruin_wall,
          nicolae_swamp_alligator_family
Swamp:2:  layout_basic_swamp, evilmike_swamp_ruin_rubble_2
Swamp:3:  layout_falls_marsh, evilmike_swamp_ruin_rubble_1
Swamp:4:  nzn_swamp_witches_coven, layout_basic_swamp
Spider:1: layout_chambers
Spider:2: layout_cave_pods, portal_ice_cave_entry_ugly_swarm,
          nicolae_spider_solar_radiation, uniq_donald, uniq_aizul, uniq_arachne
Spider:3: layout_spider_delve, nicolae_spider_cling_halls, uniq_mara,
          uniq_louise
Orc:1:    layout_caves, serial_shops, shop
Orc:2:    st_orc_elflike, layout_diamond_mine, serial_shops, shop
Vaults:1: hangedman_vaults_capsules, hangedman_vaults_stagger, v_misc_16,
          nicolae_vaults_closet_pinwheel_1, ontoclasm_vaults_twist,
          nicolae_vaults_trapezoid_layered, grunt_vaults_diagonal,
          nicolae_vaults_security_offices_1, layout_vaults_omnigrid,
          serial_shops, shop
Vaults:2: nicolae_vaults_little_squares_2, nicolae_vaults_two_Ls,
          ontoclasm_vaults_ring_square, nicolae_vaults_closet_pinwheel_3,
          minmay_guarded_unrand_secular_launcher, nicolae_vaults_network_star,
          nicolae_vaults_weapon_check, v_misc_12, grunt_vaults_trifunnel,
          v_alt_pattern_5, nicolae_vaults_house_2, layout_vaults_omnibox,
          serial_shops, shop, uniq_zenata

Skill      XL: |  1  2  3  4  5  6  7  8  9 10 11 12 13 14 15 16 17 18 19 |
---------------+----------------------------------------------------------+-----
Axes           | 2 3 4 5 6 7 8 9 11 13 14 16 18 | 18.0
Dodging        | 1 2 3 4 |  4.0
Fighting       | 4 5 6 8 9 10 11 12 13 15 17 | 17.0
Throwing       | 1 3 5 6 7 8 9 |  9.0
Invocations    | 4 5 9 10 | 10.0
Shields        | 4 5 6 7 8 13 14 18 19 | 19.3
Armour         | 6 7 8 9 10 11 12 13 14 | 14.2

Action                     |  1- 3 |  4- 6 |  7- 9 | 10-12 | 13-15 | 16-18 | 19-21 || total
---------------------------+-------+-------+-------+-------+-------+-------+-------++-------
  Melee: War axe           |    81 |    97 |   163 |       |    29 |    26 |       ||   396
         Broad axe         |       |       |    67 |   505 |   837 |   926 |   239 ||  2574
  Throw: Boomerang         |    28 |    61 |    59 |    98 |   150 |    36 |       ||   432
         Javelin           |       |       |       |    42 |    99 |   186 |    47 ||   374
 Invoke: Heroism           |       |       |     8 |    23 |    23 |    46 |    12 ||   112
         Finesse           |       |       |       |       |     8 |     6 |     2 ||    16
    Use: Scroll            |     5 |     5 |    12 |     4 |     8 |    11 |     1 ||    46
         Potion            |       |     1 |     2 |     2 |     1 |     6 |       ||    12
   Stab: Distracted        |       |       |       |       |     9 |    28 |     2 ||    39
 Armour: Scale mail        |    66 |    57 |    92 |       |       |       |       ||   215
         Plate armour      |       |       |    49 |     5 |       |       |       ||    54
         Skin              |       |       |     4 |       |       |       |       ||     4
         Chain mail        |       |       |       |   399 |   420 |   478 |    61 ||  1358
  Dodge: Dodged            |    49 |    33 |    88 |   253 |   169 |   204 |    32 ||   828
  Block: Buckler           |    11 |    11 |    61 |   138 |    70 |       |       ||   291
         Kite shield       |       |       |       |       |   156 |   332 |       ||   488
         Tower shield      |       |       |       |       |       |   131 |   110 ||   241

Table legend:
 A = Non-vault XP
 B = Vault XP
 C = Vault XP percentage of total XP
 D = Non-vault monster count
 E = Vault monster count
 F = Vault count percentage of total count
                 A         B        C        D         E       F
            +---------+---------+-------+---------+---------+-------
      Total |  239569 |  137604 |  36.5 |     819 |     276 |  25.2
            +---------+---------+-------+---------+---------+-------
        D:1 |      36 |       4 |  10.0 |      19 |       2 |   9.5
        D:2 |      54 |      34 |  38.6 |      24 |      12 |  33.3
        D:3 |      31 |       0 |   0.0 |      13 |       0 |   0.0
        D:4 |     215 |       0 |   0.0 |      18 |       0 |   0.0
        D:5 |     626 |     499 |  44.4 |      18 |       9 |  33.3
        D:6 |     942 |       0 |   0.0 |      11 |       0 |   0.0
        D:7 |     372 |     385 |  50.9 |      14 |       1 |   6.7
        D:8 |    1585 |     760 |  32.4 |      28 |       4 |  12.5
        D:9 |    2350 |       0 |   0.0 |      31 |       0 |   0.0
       D:10 |    3551 |    2674 |  43.0 |      33 |      13 |  28.3
       D:11 |    3311 |     129 |   3.8 |      26 |       7 |  21.2
       D:12 |    5676 |    1789 |  24.0 |      23 |      10 |  30.3
       D:13 |    4113 |    5940 |  59.1 |      16 |      11 |  40.7
       D:14 |    9394 |     439 |   4.5 |      18 |       1 |   5.3
       D:15 |   10301 |    4962 |  32.5 |      22 |       6 |  21.4
     Lair:1 |    9078 |    2976 |  24.7 |      39 |       9 |  18.8
     Lair:2 |    5502 |    3690 |  40.1 |      20 |       9 |  31.0
     Lair:3 |    2888 |     368 |  11.3 |      19 |       4 |  17.4
     Lair:4 |    6474 |    1881 |  22.5 |      14 |       3 |  17.6
     Lair:5 |   11361 |   14443 |  56.0 |      30 |      50 |  62.5
    Swamp:1 |    8982 |    2450 |  21.4 |      20 |       3 |  13.0
    Swamp:2 |   13396 |       0 |   0.0 |      23 |       0 |   0.0
    Swamp:3 |   18260 |       0 |   0.0 |      31 |       0 |   0.0
    Swamp:4 |   11648 |   26944 |  69.8 |      21 |      33 |  61.1
   Spider:1 |   28108 |       0 |   0.0 |      71 |       0 |   0.0
   Spider:2 |   24772 |   13767 |  35.7 |      56 |      16 |  22.2
   Spider:3 |   12164 |    5513 |  31.2 |      25 |       2 |   7.4
      Orc:1 |    2819 |       0 |   0.0 |      45 |       0 |   0.0
      Orc:2 |    2962 |    8078 |  73.2 |      29 |      25 |  46.3
   Vaults:1 |   24486 |    6718 |  21.5 |      38 |      10 |  20.8
   Vaults:2 |   14112 |   33161 |  70.1 |      24 |      36 |  60.0
            +---------+---------+-------+---------+---------+-------
